 Dungeon Sprint DCSS version 0.28-a0-1389-gc726bef33b (webtiles) character file.

Game seed: 13726889651260377578

10200000 jt the Axe Maniac (level 27, -4/199 HPs)
             Began as a Gargoyle Artificer on Jan 3, 2022.
             Was the Champion of Makhleb.
             Killed by divine providence
             ... invoked by an observer
              (12 damage)
             ... in the Dungeon (Sprint VIII: "Arena of Blood").
             The game lasted 00:05:41 (102 turns).

jt the Axe Maniac (Gargoyle Artificer)               Turns: 102, Time: 00:05:42

Health: -4/199     AC: 27    Str: 18    XL:     27
Magic:  37/54      EV: 32    Int: 14    God:    Makhleb [******]
Gold:   0          SH:  0    Dex: 20    Spells: 80/80 levels left

rFire   . . .      SeeInvis +   l - +∞ Axe of Woe
rCold   . . .      Faith    .   (shield currently unavailable)
rNeg    + . .      Spirit   .   b - +0 leather armour
rPois   ∞          Reflect  .   (no helmet)
rElec   +          Harm     .   (no cloak)
rCorr   .          Rampage  .   (no gloves)
Will    ++...      NoTele   +   (no boots)
Stlth   ++++++++++              (no amulet)
HPRegen 0.43/turn               m - ring of see invisible
MPRegen 0.34/turn               (no ring)

@: marked, flying, hasted and slowed
A: sickness immunity, AC +20, big wings, negative energy resistance 1,
electricity resistance, torment resistance 1, petrification resistance
a: Renounce Religion, Minor Destruction, Lesser Servant of Makhleb, Major
Destruction, Greater Servant of Makhleb


You were in the Dungeon.
You worshipped Makhleb.
Makhleb was exalted by your worship.
You visited 1 branch

Inventory:

Hand Weapons
 a - a +0 club
 l - the +∞ Axe of Woe (weapon)
   (You found it in the Dungeon)
Armour
 b - a +0 leather armour (worn)
Jewellery
 m - a ring of see invisible (left hand)
Wands
 c - a wand of flame (15) (quivered)
 d - a wand of charming (15)
Scrolls
 k - a scroll of blinking
Potions
 f - a potion of curing
 i - 2 potions of magic
 j - a potion of berserk rage
Miscellaneous
 e - a piece from Xom's chessboard (15/15)


   Skills:
 O Level 27 Fighting
 + Level 18.3(21.2) Short Blades
 + Level 18.2(21.2) Long Blades
 O Level 27 Axes
 O Level 27 Maces & Flails
 O Level 27 Polearms
 O Level 27 Staves
 + Level 18.2(21.2) Slings
 + Level 19.6 Bows
 + Level 19.6 Crossbows
 + Level 18.2(21.1) Throwing
 O Level 27 Armour
 O Level 27 Dodging
 O Level 27 Stealth
 + Level 21.3 Shields
 O Level 27 Unarmed Combat
 O Level 27 Spellcasting
 + Level 21.3 Conjurations
 + Level 18.2 Hexes
 + Level 18.1 Summonings
 + Level 16.8 Necromancy
 + Level 18.2 Translocations
 + Level 16.9 Transmutations
 + Level 19.7 Fire Magic
 + Level 19.8 Ice Magic
 + Level 16.9 Air Magic
 + Level 23.0 Earth Magic
 + Level 19.7 Poison Magic
 O Level 27 Invocations
 O Level 27 Evocations


You had 80 spell levels left.
You didn't know any spells.
Your spell library was empty.

Dungeon Overview and Level Annotations

Branches:
Dungeon (1/1)

Altars:
Makhleb


Innate Abilities, Weirdness & Mutations

You are immune to sickness and miasma.
Your stone body is resilient. (AC +20)
You are immune to poison.
Your large and strong wings let you fly.
You resist negative energy. (rN+)
You are resistant to electric shocks. (rElec)
You are resistant to unholy torment.
You are immune to petrification.


Message History

Your Summonings skill increases to level 18!
Your Earth Magic skill increases to level 23!
You slash the meat berserker!
You butcher the meat berserker messily.
You kill the meat berserker!
Makhleb accepts your kill.
You feel better.
You slice the bag of meat!!
You slaughter the bag of meat joyfully.
You blow up the bag of meat!
Makhleb accepts your kill.
You are engulfed in blazing flames.
* * * LOW HITPOINT WARNING * * *
The observer gazes at you. Something smites you!
* * * LOW HITPOINT WARNING * * *
A meat beast comes into view.
The eight-headed meat hydra calls on the powers of darkness!
The eight-headed meat hydra convulses!
The bag of meat convulses! x3
The observer convulses!
The meat berserker convulses!
The bag of meat convulses! x2; The eight-headed meat hydra convulses!
The bag of meat convulses! x2; The observer convulses!
Your body is wracked with pain!
* * * LOW HITPOINT WARNING * * *
The meat berserker rages.
You hear a shout!
The accursed casts a spell at you. Something smites you!
* * * LOW HITPOINT WARNING * * *
You hear a shout!
The eight-headed meat hydra calls on the powers of darkness!
The eight-headed meat hydra convulses!
The bag of meat convulses!
The observer convulses!
The bag of meat convulses!
The eight-headed meat hydra convulses!
The bag of meat convulses! x2
The meat berserker convulses!
The bag of meat convulses!
The meat berserker convulses!
The observer convulses!
The bag of meat convulses!
Your body is wracked with pain!
* * * LOW HITPOINT WARNING * * *
You hear a shout! x3
The observer gazes at you. Something smites you!
You die...

..2###.....). ..D.
..2..#......) G..o.
°O2..#.....). ....D
.........)).) ...oo.
#...........). ...oOW
#.#z.......))))..
#..o#.#O#......))@))).
#.W)#°#...D.#.)))))).
#.Go@)§MD.M....)))...
.....##.†)....##.#)))...
#.....##................
# #.....G####....#.....
####.....)......)....
####.........))...
####...........
############


You could see 2 accurseds, 2 meat beasts, 4 eight-headed meat hydras, 3
observers, a sculptor of flesh, a dread, a wretched soul (invisible), 3 meat
berserkers and 6 bags of meat.

Vanquished Creatures
  Sigmund (D)
  2 hell beasts (D)
  5 royal mummies (D)
  A great orb of eyes (D)
  4 wraiths (D)
  10 vampire knights (D)
  23 ogres (D)
  6 two-headed ogres (D)
  A lich (D)
  3 hydras (D)
  37 orcs (D)
  4 phantoms (D)
  4 skeletal warriors (D)
101 creatures vanquished.

Vanquished Creatures (others)
  A two-headed ogre (D)
  5 orcs (D)
6 creatures vanquished.

Grand Total: 107 creatures vanquished

Notes
Turn   | Place    | Note
-------+----------+-------------------------------------------
     0 | D        | Found the +∞ Axe of Woe
     0 | D        | jt the Gargoyle Artificer began the quest for the Orb.
     0 | D        | Reached XP level 1. HP: 12/12 MP: 1/1
     2 | D        | Noticed a bag of meat
     2 | D        | Noticed a bag of meat
     3 | D        | Noticed a bag of meat
     4 | D        | Became a worshipper of Makhleb the Destroyer
     5 | D        | Noticed a bag of meat
     6 | D        | Noticed a meat berserker
     6 | D        | Noticed a bag of meat
     8 | D        | Killed a bag of meat
     8 | D        | Noticed a meat berserker
     8 | D        | Noticed a bag of meat
     9 | D        | Reached XP level 2. HP: 16/16 MP: 2/2
     9 | D        | Reached XP level 3. HP: 20/20 MP: 3/3
     9 | D        | Reached XP level 4. HP: 25/25 MP: 4/4
     9 | D        | Reached XP level 5. HP: 29/29 MP: 5/5
     9 | D        | Reached XP level 6. HP: 34/34 MP: 6/6
     9 | D        | Reached XP level 7. HP: 38/38 MP: 7/7
     9 | D        | Reached XP level 8. HP: 43/43 MP: 8/8
     9 | D        | Reached XP level 9. HP: 47/47 MP: 9/9
     9 | D        | Reached XP level 10. HP: 52/52 MP: 10/10
     9 | D        | Reached XP level 11. HP: 56/56 MP: 11/11
     9 | D        | Noticed a meat berserker
     9 | D        | Noticed a meat berserker
    10 | D        | Killed a bag of meat
    10 | D        | Reached * piety under Makhleb
    11 | D        | Reached XP level 12. HP: 60/60 MP: 12/12
    11 | D        | Killed a meat berserker
    11 | D        | Killed a bag of meat
    11 | D        | Noticed a bag of meat
    11 | D        | Noticed a meat berserker
    12 | D        | Reached skill level 27 in Axes
    12 | D        | Reached XP level 13. HP: 104/104 MP: 13/13
    12 | D        | Killed a bag of meat
    12 | D        | Reached ** piety under Makhleb
    12 | D        | Noticed a bag of meat
    13 | D        | Gained mutation: Your large and strong wings let you fly.
                  | [Gargoyle growth]
    13 | D        | Reached XP level 14. HP: 116/116 MP: 14/14
    13 | D        | Noticed a meat berserker
    14 | D        | Killed a meat berserker
    14 | D        | Killed a bag of meat
    14 | D        | Killed a meat berserker
    14 | D        | Reached *** piety under Makhleb
    15 | D        | Reached skill level 27 in Fighting
    15 | D        | Reached XP level 15. HP: 127/127 MP: 15/15
    15 | D        | Killed a meat berserker
    16 | D        | Reached skill level 15 in Dodging
    16 | D        | Reached **** piety under Makhleb
    17 | D        | Reached XP level 16. HP: 133/133 MP: 16/16
    17 | D        | Killed a meat berserker
    19 | D        | Noticed a meat berserker
    20 | D        | Noticed a meat berserker
    20 | D        | Noticed a meat berserker
    21 | D        | Killed a meat berserker
    21 | D        | Reached ***** piety under Makhleb
    22 | D        | Reached skill level 27 in Armour
    22 | D        | Reached XP level 17. HP: 136/139 MP: 17/17
    22 | D        | Noticed a destroyer
    23 | D        | Noticed a large bag of meat
    23 | D        | Noticed a destroyer
    24 | D        | Killed a meat berserker
    24 | D        | Noticed a meat berserker
    24 | D        | Noticed a meat berserker
    25 | D        | Killed a meat berserker
    25 | D        | Killed a meat berserker
    26 | D        | Reached skill level 27 in Dodging
    26 | D        | Reached skill level 15 in Invocations
    26 | D        | Reached XP level 18. HP: 103/145 MP: 17/29
    26 | D        | Killed a destroyer
    26 | D        | Noticed a meat berserker
    26 | D        | Noticed a meat berserker
    27 | D        | Noticed a large bag of meat
    27 | D        | Noticed a destroyer
    27 | D        | Noticed a large bag of meat
    28 | D        | Noticed a destroyer
    28 | D        | Noticed an eight-headed meat hydra
    28 | D        | Noticed a large bag of meat
    29 | D        | Killed a meat berserker
    29 | D        | Reached ****** piety under Makhleb
    29 | D        | Killed a destroyer
    30 | D        | Reached skill level 27 in Invocations
    30 | D        | Reached XP level 19. HP: 121/151 MP: 17/36
    30 | D        | Noticed a sculptor of flesh
    30 | D        | Killed a meat berserker
    30 | D        | Noticed a meat berserker
    31 | D        | Reached skill level 27 in Evocations
    31 | D        | Reached skill level 5 in Polearms
    31 | D        | Reached skill level 5 in Spellcasting
    31 | D        | Killed a destroyer
    32 | D        | Reached skill level 10 in Maces & Flails
    32 | D        | Reached skill level 10 in Unarmed Combat
    32 | D        | Reached XP level 20. HP: 123/157 MP: 18/37
    32 | D        | Noticed a large bag of meat
    32 | D        | Noticed a destroyer
    32 | D        | Noticed a destroyer
    33 | D        | Reached skill level 10 in Polearms
    33 | D        | Reached skill level 10 in Spellcasting
    33 | D        | Killed a large bag of meat
    33 | D        | Killed a meat berserker
    34 | D        | Reached skill level 15 in Stealth
    34 | D        | Killed a large bag of meat
    35 | D        | Killed a destroyer
    35 | D        | Killed a meat berserker
    35 | D        | Killed a large bag of meat
    35 | D        | Noticed a destroyer
    36 | D        | Reached skill level 15 in Maces & Flails
    36 | D        | Reached skill level 15 in Unarmed Combat
    36 | D        | Killed a destroyer
    36 | D        | Killed a meat berserker
    36 | D        | Noticed a destroyer
    37 | D        | Reached skill level 15 in Polearms
    37 | D        | Reached skill level 15 in Spellcasting
    37 | D        | Reached XP level 21. HP: 123/163 MP: 18/40
    37 | D        | Killed a large bag of meat
    39 | D        | Noticed a meat berserker
    40 | D        | Killed a nine-headed meat hydra
    41 | D        | Killed a destroyer
    41 | D        | Noticed a large bag of meat
    41 | D        | Noticed a destroyer
    42 | D        | Killed a destroyer
    42 | D        | Killed a large bag of meat
    44 | D        | Noticed a meat berserker
    45 | D        | Reached XP level 22. HP: 137/169 MP: 20/46
    46 | D        | Killed a destroyer
    47 | D        | Reached skill level 27 in Stealth
    47 | D        | Noticed an accursed
    49 | D        | Killed a destroyer
    50 | D        | Reached skill level 27 in Maces & Flails
    50 | D        | Reached skill level 27 in Unarmed Combat
    50 | D        | Reached XP level 23. HP: 161/175 MP: 21/53
    51 | D        | Killed a large bag of meat
    52 | D        | Reached skill level 27 in Polearms
    52 | D        | Reached skill level 27 in Spellcasting
    52 | D        | Noticed a tyrant
    54 | D        | Noticed an accursed
    56 | D        | Noticed an accursed
    61 | D        | Noticed a dread
    61 | D        | Killed a tyrant
    63 | D        | Noticed a dread
    63 | D        | Killed an accursed
    64 | D        | Reached skill level 27 in Staves
    64 | D        | Reached skill level 5 in Shields
    64 | D        | Reached skill level 5 in Conjurations
    64 | D        | Reached skill level 5 in Earth Magic
    64 | D        | Reached XP level 24. HP: 117/181 MP: 25/54
    64 | D        | Killed an accursed
    65 | D        | Reached skill level 5 in Necromancy
    65 | D        | Reached skill level 5 in Transmutations
    65 | D        | Reached skill level 5 in Air Magic
    65 | D        | Killed an accursed
    66 | D        | Reached skill level 10 in Earth Magic
    66 | D        | Killed a dread
    67 | D        | Reached skill level 10 in Bows
    67 | D        | Reached skill level 10 in Crossbows
    67 | D        | Reached skill level 10 in Fire Magic
    67 | D        | Reached skill level 10 in Ice Magic
    67 | D        | Reached skill level 10 in Poison Magic
    67 | D        | Reached XP level 25. HP: 97/187 MP: 27/54
    67 | D        | Noticed a dread
    68 | D        | Killed a dread
    69 | D        | Reached skill level 10 in Short Blades
    69 | D        | Reached skill level 10 in Long Blades
    69 | D        | Reached skill level 10 in Slings
    69 | D        | Reached skill level 10 in Throwing
    69 | D        | Reached skill level 10 in Hexes
    69 | D        | Reached skill level 10 in Summonings
    69 | D        | Reached skill level 10 in Translocations
    70 | D        | Noticed a dread
    70 | D        | Killed a dread
    71 | D        | Reached skill level 10 in Necromancy
    71 | D        | Reached skill level 10 in Transmutations
    71 | D        | Reached skill level 10 in Air Magic
    72 | D        | Noticed a destroyer
    75 | D        | Killed a dread
    79 | D        | Noticed The Captor
    84 | D        | Reached skill level 15 in Shields
    84 | D        | Reached skill level 15 in Conjurations
    85 | D        | Noticed an accursed
    85 | D        | Noticed an accursed
    87 | D        | Killed a destroyer
    88 | D        | Reached XP level 26. HP: 81/193 MP: 33/54
    88 | D        | Noticed a dread
    89 | D        | Noticed a meat beast
    91 | D        | Noticed an accursed
    92 | D        | Noticed a large bag of meat
    93 | D        | Noticed a meat beast
    93 | D        | Killed The Captor
    94 | D        | Reached skill level 15 in Bows
    94 | D        | Reached skill level 15 in Crossbows
    94 | D        | Reached skill level 15 in Fire Magic
    94 | D        | Reached skill level 15 in Ice Magic
    94 | D        | Reached skill level 15 in Poison Magic
    96 | D        | Killed an accursed
    97 | D        | Killed a meat beast
    97 | D        | Noticed an accursed
    98 | D        | Reached skill level 15 in Summonings
    98 | D        | Reached XP level 27. HP: 18/199 MP: 36/54
    98 | D        | Killed an accursed
    99 | D        | Reached skill level 15 in Necromancy
    99 | D        | Reached skill level 15 in Transmutations
    99 | D        | Reached skill level 15 in Air Magic
    99 | D        | Killed a large bag of meat
    99 | D        | Noticed a meat beast
   100 | D        | Killed a meat beast
   102 | D        | Noticed a meat beast
   102 | D        | HP: 9/199 [accursed/divine providence (14)]
   102 | D        | Killed from afar by an observer

Illustrated notes

Levels and vault maps discovered:
D:        meatsprint

Skill      XL: |  1  2  3  4  5  6  7  8  9 10 11 12 13 14 15 16 17 18 19 20 21 22 23 24 25 26 27 |
---------------+----------------------------------------------------------------------------------+-----
Axes           | 22 26 27 | 27.0
Fighting       | 21 24 27 | 27.0
Armour         | 16 22 27 | 27.0
Dodging        | 12 17 23 27 | 27.0
Invocations    | 15 27 | 27.0
Evocations     | 13 25 27 | 27.0
Maces & Flails | 10 17 21 27 | 27.0
Polearms       | 9 15 20 26 27 | 27.0
Stealth        | 12 20 25 27 | 27.0
Unarmed Combat | 10 17 21 27 | 27.0
Spellcasting   | 9 15 20 26 27 | 27.0
Staves         | 27 | 27.0
Short Blades   | 4 9 13 16 18 | 18.3
Long Blades    | 4 9 13 16 18 | 18.2
Slings         | 4 9 13 16 18 | 18.2
Bows           | 4 10 14 17 19 | 19.6
Crossbows      | 4 10 14 17 19 | 19.6
Throwing       | 4 9 13 16 18 | 18.2
Shields        | 5 11 15 18 21 | 21.3
Conjurations   | 5 11 15 18 21 | 21.3
Hexes          | 4 9 13 16 18 | 18.2
Summonings     | 4 9 13 15 18 | 18.1
Necromancy     | 3 8 12 14 16 | 16.8
Translocations | 4 9 13 16 18 | 18.2
Transmutations | 3 8 12 14 16 | 16.9
Fire Magic     | 4 10 14 17 19 | 19.7
Ice Magic      | 4 10 14 17 19 | 19.8
Air Magic      | 4 8 12 14 16 | 16.9
Earth Magic    | 5 12 17 20 23 | 23.0
Poison Magic   | 4 10 14 17 19 | 19.7

Action                   |  1- 3 |  4- 6 |  7- 9 | 10-12 | 13-15 | 16-18 | 19-21 | 22-24 | 25-27 || total
-------------------------+-------+-------+-------+-------+-------+-------+-------+-------+-------++-------
Melee: Executioner's axe |     1 |       |       |     2 |     4 |     6 |    12 |    12 |    19 ||    56
Invok: Greater Servant o |       |       |       |       |       |       |     1 |       |       ||     1
Evoke: Piece from Xom's  |       |       |       |       |       |       |       |       |     1 ||     1
  Use: Potion            |       |       |       |       |       |       |       |       |     2 ||     2
Armor: Leather armour    |       |       |       |       |       |       |     2 |     2 |     3 ||     7
Dodge: Dodged            |       |       |       |       |       |     2 |     1 |       |     2 ||     5

Table legend: (Time is in decaauts)
 A = Elapsed time spent in this place.
 B = Non-inter-level travel time spent in this place.
 C = Inter-level travel time spent in this place.
 D = Time resting spent in this place.
 E = Time spent auto-exploring this place.
 F = Levels seen in this place.
 G = Mean time per level.
                   A        B        C        D        E       F      G
               +--------+--------+--------+--------+--------+-----+--------+
         Total |     87 |     87 |      0 |      0 |      0 |   1 |   87.0 |
       Dungeon |     87 |     87 |      0 |      0 |      0 |   1 |   87.0 |
               +--------+--------+--------+--------+--------+-----+--------+

Top non-repeatable levels by time:
       D: 87 daAuts
